 Dungeon Crawl Stone Soup version 0.19.4-8-ga85b6b9 (webtiles) character file.

12545 Lennu the Carver (level 12, 0/94 HPs)
             Began as a Formicid Fighter on Feb 9, 2017.
             Was the Champion of Okawaru.
             Slain by Urug
             ... wielding a +3 halberd
              (17 damage)
             ... on level 2 of the Lair of Beasts.
             The game lasted 00:31:10 (13777 turns).

Lennu the Carver (Formicid Fighter)                Turns: 13777, Time: 00:31:10

Health: 0/94       AC:  8    Str: 24 (26) XL:     12   Next: 21%
Magic:  13/13      EV: 17    Int:  7      God:    Okawaru [******]
Gold:   452        SH: 12    Dex: 12      Spells: 0 memorised, 11 levels left

rFire  + . .     SeeInvis +     d - +5 great sword of Peace {drain, +Fly Str+3 Dex-4 SInv}
rCold  . . .     Gourm    .     C - +2 ring mail {rF+}
rNeg   . . .     Faith    .     c - +0 shield
rPois  .         Spirit   .     (helmet unavailable)
rElec  .         Reflect  .     (no cloak)
rCorr  .         Harm     .     (no gloves)
MR     +....                    (no boots)
Stlth  ++........               (no amulet)
                                o - +5 ring of slaying
                                u - +4 ring of evasion

@: no status effects
A: permanent stasis, dig shafts and tunnels, four strong arms, antennae 3, thin
skeletal structure 1, deterioration 1, high mp 1, wild magic 1
a: Dig, Shaft Self, Heroism, Finesse, Renounce Religion, Evoke Flight


You were on level 2 of the Lair of Beasts.
You worshipped Okawaru.
Okawaru was exalted by your worship.
You were not hungry.

You visited 3 branches of the dungeon, and saw 12 of its levels.

You collected 452 gold pieces.

Inventory:

Hand Weapons
 d - the +5 great sword of Peace (weapon) {drain, +Fly Str+3 Dex-4 SInv}
   (Okawaru gifted it to you on level 9 of the Dungeon)

   A truly terrible weapon, it drains the life of those it strikes.
   It affects your strength (+3).
   It affects your dexterity (-4).
   It lets you see invisible.
   It lets you fly.
Armour
 c - a +0 shield (worn)
 C - a +2 ring mail of fire resistance (worn)
Jewellery
 e - an uncursed ring of wizardry
 o - a +5 ring of slaying (right hand)
 u - a +4 ring of evasion (left hand)
Wands
 h - a wand of iceblast (7/15)
 k - a wand of acid (5/15)
 v - a wand of confusion (23/48)
 A - a wand of random effects (15/48)
Scrolls
 b - a scroll of noise
 g - 6 scrolls of amnesia
 i - 2 scrolls of fear
 j - a scroll of fog
 l - a scroll of enchant armour
 n - 5 scrolls of remove curse
 p - a scroll of identify
 x - a scroll of enchant weapon
 y - a scroll of vulnerability {unknown}
 z - 2 scrolls of blinking {unknown}
Potions
 q - 3 potions of brilliance
 r - a potion of cancellation
 s - 2 potions of agility
 B - a potion of lignification
Comestibles
 a - 18 chunks of flesh
 f - 5 bread rations
 m - 3 fruits


   Skills:
 * Level 8.9 Fighting
 * Level 12.3 Long Blades
 * Level 7.7 Armour
 * Level 5.4 Dodging
 + Level 1.6 Stealth
 * Level 10.3 Shields


You had 11 spell levels left.
You didn't know any spells.

Dungeon Overview and Level Annotations

Branches:
Dungeon (9/15)             Temple (1/1) D:4            Lair (2/6) D:9
  Snake (0/4) Lair:2
  Swamp: Lair:2-4    Shoals: Lair:2-4       Orc: D:9-12

Altars:
Cheibriados
Dithmenos
Fedhas
Gozag
Nemelex Xobeh
Okawaru
Sif Muna
Trog
Uskayaw
Xom
Yredelemnul
Zin
The Shining One

Annotations:
Lair:2 Urug


Innate Abilities, Weirdness & Mutations

You are under a permanent stasis effect.
You can dig through walls and to a lower floor.
Your four strong arms can wield two-handed weapons with a shield.
You have a pair of large antennae on your head. (SInv)
You have a somewhat thin skeletal structure. (Dex +2, Stealth)
Your body sometimes deteriorates upon taking damage.
You have an increased reservoir of magic. (+10% MP)
Your spells are a little harder to cast, but a little more powerful.


Message History

You see here a yak skeleton.
You hit Urug but do no damage.
Urug hits you with an enchanted halberd.
* * * LOW HITPOINT WARNING * * *
You slice Urug!!
Urug is moderately wounded.
Urug screams, "You are already dead."
Urug hits you with an enchanted halberd!
* * * LOW HITPOINT WARNING * * *
You feel better.
You hit Urug. You drain Urug!
Urug is heavily wounded.
You block Urug's attack.
You slash Urug! You drain Urug!
Urug is severely wounded.
Urug drinks a potion.
Urug is healed!
You closely miss Urug.
Urug is moderately wounded.
Urug hits you with an enchanted halberd!
You die...

........................'......P.
........................##.#..P..
........................^........
.................................
.................................
..........#.#.####...............
........P###.#####......P######P.
#......##....#########.. ..
#...((o@.....####...###. ##..
#...(..##.....##....P#.. ..#P...
#......#.....##P....###.
..##...##......#P.....#..##..#..
###.....##.###..##....#...##.###.
#.##....##(.##...#....###...#.##.
......<.{{.......................
.....o.....(.....................
...t.............................


You could see Urug.

Vanquished Creatures
  A death yak (D:9)
  The ghost of Kloppie the Fighter, a novice DsBe of Trog (D:7)
  An elephant (D:9)
  Psyche (D:9)
  A black mamba (Lair:1)
  Joseph (D:9)
  3 torpor snails (Lair:1)
  4 spiny frogs
  A two-headed ogre (D:9)
  Prince Ribbit (D:9)
  9 blink frogs
  A wyvern (D:8)
  A basilisk (Lair:2)
  4 yaks (Lair:2)
  3 hungry ghosts (D:9)
  3 porcupines
  2 water moccasins
  An ice beast (D:9)
  2 sky beasts
  3 phantoms
  2 ogres (D:4)
  3 centaurs
  3 crocodiles
  6 wolves (Lair:1)
  8 bullfrogs
  A gnoll sergeant (D:6)
  3 scorpions
  9 killer bees
  7 wights (D:6)
  4 crimson imps
  2 hounds
  An orc priest (D:7)
  2 gnoll shamans
  3 jellies
  A bullfrog skeleton (D:5)
  8 orc wizards
  A centaur skeleton (D:8)
  2 iguanas
  5 worker ants
  A killer bee zombie (D:6)
  3 hound skeletons
  14 gnolls
  A howler monkey zombie (D:8)
  8 adders
  2 shadow imps
  3 adder zombies
  2 worms
  3 dart slugs
  5 leopard geckos
  30 orcs
  4 ball pythons
  11 bats
  4 giant cockroaches
  7 goblins
  9 hobgoblins
  4 jackals
  9 frilled lizards
  7 kobolds
  A leopard gecko skeleton (D:4)
  A leopard gecko zombie (D:9)
  7 rats
251 creatures vanquished.

Notes
Turn   | Place    | Note
-------+----------+-------------------------------------------
     0 | D:1      | Lennu the Formicid Fighter began the quest for the Orb.
     0 | D:1      | Reached XP level 1. HP: 18/18 MP: 1/1
   111 | D:1      | Reached XP level 2. HP: 24/24 MP: 2/2
   468 | D:1      | Reached XP level 3. HP: 28/29 MP: 3/3
  1339 | D:2      | Reached XP level 4. HP: 36/36 MP: 4/4
  1498 | D:2      | Found a shimmering altar of Xom.
  2567 | D:3      | Reached skill level 3 in Long Blades
  2731 | D:3      | Reached XP level 5. HP: 22/42 MP: 5/5
  2968 | D:3      | Reached skill level 1 in Dodging
  3427 | D:3      | Reached XP level 6. HP: 43/48 MP: 6/6
  3542 | D:3      | Gained mutation: Your spells are a little harder to cast, but a little more powerful. [potion of mutation]
  3542 | D:3      | Gained mutation: Your body sometimes deteriorates upon taking damage. [potion of mutation]
  3542 | D:3      | Gained mutation: You have an increased reservoir of magic. (+10% MP) [potion of mutation]
  3756 | D:4      | Reached skill level 4 in Long Blades
  3820 | D:4      | Found a snail-covered altar of Cheibriados.
  3878 | D:4      | Noticed a phantom
  3955 | D:4      | Noticed an ogre
  3964 | D:4      | Killed an ogre
  3964 | D:4      | Reached skill level 5 in Shields
  3964 | D:4      | Reached XP level 7. HP: 36/55 MP: 7/7
  4120 | D:4      | Found a staircase to the Ecumenical Temple.
  4126 | Temple   | Entered the Ecumenical Temple
  4174 | Temple   | Became a worshipper of Warmaster Okawaru
  4366 | D:4      | Reached skill level 5 in Long Blades
  4659 | D:4      | Reached * piety under Okawaru
  4831 | D:4      | Found a blossoming altar of Fedhas.
  4879 | D:5      | Entered Level 5 of the Dungeon
  4906 | D:5      | Reached XP level 8. HP: 36/61 MP: 8/8
  5316 | D:5      | Reached skill level 5 in Fighting
  5390 | D:5      | Found a shadowy altar of Dithmenos.
  5395 | D:5      | Reached skill level 6 in Long Blades
  5571 | D:5      | Found a glowing silver altar of Zin.
  5838 | D:6      | Found a basalt altar of Yredelemnul.
  6037 | D:6      | Found a hide-covered altar of Uskayaw.
  6082 | D:6      | Reached ** piety under Okawaru
  6228 | D:6      | Found a deep blue altar of Sif Muna.
  6826 | D:6      | Reached skill level 7 in Long Blades
  6940 | D:6      | Reached XP level 9. HP: 68/68 MP: 9/9
  7162 | D:6      | Found a sparkling altar of Nemelex Xobeh.
  8012 | D:7      | Reached skill level 8 in Long Blades
  8023 | D:7      | Noticed Kloppie's ghost (novice DsBe)
  8041 | D:7      | Killed Kloppie's ghost
  8041 | D:7      | Reached *** piety under Okawaru
  8041 | D:7      | Reached skill level 1 in Stealth
  8137 | D:7      | Reached skill level 5 in Armour
  8687 | D:8      | Reached XP level 10. HP: 70/77 MP: 11/11
  8730 | D:8      | Reached skill level 9 in Long Blades
  8882 | D:8      | Found a bloodstained altar of Trog.
  8968 | D:8      | Reached **** piety under Okawaru
  9180 | D:8      | Received a gift from Okawaru
  9644 | D:9      | Noticed Joseph
  9669 | D:9      | Killed Joseph
  9810 | D:9      | Noticed Prince Ribbit
  9817 | D:9      | Killed Prince Ribbit
 10192 | D:9      | Reached skill level 10 in Long Blades
 10420 | D:9      | Noticed Psyche
 10435 | D:9      | Killed Psyche
 10657 | D:9      | Found a staircase to the Lair.
 10657 | D:9      | Noticed an elephant
 10658 | D:9      | Noticed a death yak
 10665 | D:9      | Gained mutation: You have a somewhat thin skeletal structure. (Dex +2, Stealth) [potion of beneficial mutation]
 10686 | D:9      | Killed an elephant
 10686 | D:9      | Reached ***** piety under Okawaru
 10737 | D:9      | Killed a death yak
 10737 | D:9      | Received a gift from Okawaru
 10737 | D:9      | Reached XP level 11. HP: 31/84 MP: 12/12
 10740 | D:9      | Got a crude great sword {god gift}
 10741 | D:9      | Identified the +5 great sword of Peace {drain, +Fly Str+3 Dex-4 SInv} (Okawaru gifted it to you on level 9 of the Dungeon)
 11764 | Lair:1   | Entered Level 1 of the Lair of Beasts
 11781 | Lair:1   | Reached skill level 11 in Long Blades
 12329 | Lair:1   | Received a gift from Okawaru
 12332 | Lair:1   | Got a steaming broad axe {god gift}
 12333 | Lair:1   | Identified the +7 broad axe "Evyofi" {antimagic, Str-4 Dex+8} (Okawaru gifted it to you on level 1 of the Lair of Beasts)
 12422 | Lair:1   | Reached skill level 5 in Dodging
 12646 | Lair:1   | Found a snail-covered altar of Cheibriados.
 12679 | Lair:1   | Reached skill level 10 in Shields
 12727 | Lair:1   | Reached XP level 12. HP: 78/94 MP: 13/13
 12728 | Lair:1   | Reached skill level 12 in Long Blades
 13433 | Lair:2   | Found a staircase to the Snake Pit.
 13721 | Lair:2   | Reached ****** piety under Okawaru
 13743 | Lair:2   | Noticed Urug
 13777 | Lair:2   | Slain by Urug

Skill      XL: |  1  2  3  4  5  6  7  8  9 10 11 12 |
---------------+-------------------------------------+-----
Shields        | 4 5 6 8 9 10 | 10.3
Long Blades    | 3 4 5 7 8 10 11 12 | 12.3
Dodging        | 1 2 3 4 5 |  5.4
Armour         | 4 5 6 7 |  7.7
Fighting       | 4 5 6 7 8 |  8.9
Stealth        | 1 |  1.6

Action                   |  1- 3 |  4- 6 |  7- 9 | 10-12 || total
-------------------------+-------+-------+-------+-------++-------
Melee: Long sword        |   118 |   198 |   311 |   217 ||   844
       Great sword       |       |       |       |   145 ||   145
  Use: Scroll            |       |     5 |     7 |     2 ||    14
       Potion            |       |     4 |     5 |     5 ||    14
  Eat: Chunk             |     2 |     8 |     6 |     7 ||    23
       Meat ration       |       |       |     2 |     3 ||     5
       Fruit             |       |       |       |     1 ||     1
Armor: Scale mail        |    24 |       |       |       ||    24
       Ring mail         |    31 |    65 |    33 |    31 ||   160
       Plate armour      |       |       |     8 |    32 ||    40
       Skin              |       |       |     3 |       ||     3
Dodge: Dodged            |    44 |    91 |   161 |   192 ||   488
Block: Shield            |    73 |   101 |   172 |   194 ||   540
       Rpst.: Long sword |    14 |    24 |    51 |    31 ||   120
       Great sword       |       |       |       |    29 ||    29
